 Dungeon Crawl Stone Soup version 0.26.0-16-gc1dbca0489 (webtiles) character file.

Game seed: 3606791698795152906

30 EnegeticOcto the Stinger (level 3, -2/28 HPs)
             Began as a Ghoul Venom Mage on Jan 20, 2021.
             Was an Initiate of Ru.
             Killed by divine providence
             ... invoked by an orc priest
              (13 damage)
             ... on level 3 of the Dungeon.
             The game lasted 00:01:38 (883 turns).

EnegeticOcto the Stinger (Ghoul Venom Mage)          Turns: 883, Time: 00:01:39

Health: -2/28      AC:  6    Str: 12    XL:     3   Next: 18%
Magic:  4/4        EV:  9    Int: 10    God:    Ru [......]
Gold:   29         SH:  0    Dex:  9    Spells: 5/5 levels left

rFire    . . .     SeeInvis .     - Unarmed
rCold    + . .     Faith    .   (no shield)
rNeg     + + +     Spirit   .   b - +0 scale mail
rPois    ∞         Reflect  .   (no helmet)
rElec    .         Harm     .   (no cloak)
rCorr    .         Rampage  .   (no gloves)
Will     .....                  (no boots)
Stlth    ..........             (no amulet)
HPRegen  0.00/turn              (no ring)
MPRegen  0.09/turn              (no ring)

@: no status effects
A: claws 1, cold resistance 1, negative energy resistance 3, inhibited
regeneration, torment resistance, unbreathing
a: Renounce Religion


You were on level 3 of the Dungeon.
You worshipped Ru.
Ru was noncommittal.
You visited 1 branch of the dungeon, and saw 3 of its levels.

You collected 29 gold pieces.

Inventory:

Missiles
 e - 7 poisoned darts
Armour
 a - a +0 robe
 b - a +0 scale mail (worn)
   (You found it on level 1 of the Dungeon)
Scrolls
 d - a scroll of identify {@r1}
Potions
 c - a potion of invisibility {unknown}
 f - a potion of mutation {unknown}


   Skills:
 + Level 1.5 Fighting
 - Level 1.7 Dodging
 - Level 2.1 Stealth
 * Level 2.4 Unarmed Combat
 - Level 1.7 Spellcasting
 - Level 0.8 Transmutations
 - Level 3.0 Poison Magic


You had 5 spell levels left.
You didn't know any spells.
Your spell library contained the following spells:

 Spells                   Type           Power        Failure   Level
 Sting                    Tmut/Pois      16%          63%         1
 Poisonous Vapours        Pois/Air       6%           82%         2
 Ignite Poison            Fire/Tmut/Pois 3%           97%         3
 Mephitic Cloud           Conj/Pois/Air  2%           98%         3
 Olgreb's Toxic Radiance  Pois           6%           99%         4


Dungeon Overview and Level Annotations

Branches:
Dungeon (3/15)

Altars:
Ru


Innate Abilities, Weirdness & Mutations

You thrive by killing the living.
You are immune to poison.
You have sharp fingernails.
Your flesh is cold resistant. (rC+)
You are immune to negative energy. (rN+++)
You do not regenerate when monsters are visible.
You are immune to unholy pain and torment.
You can survive without breathing.


Message History

No target in view!
No target in view!
No target in view!
No target in view!
No target in view!
Things that are here:
a +0 short sword; 5 poisoned darts
There is a sacrificial altar of Ru here.
You kneel at the altar of Ru.
Ru welcomes you!
You see here a poisoned dart.
e - a poisoned dart
e - 6 poisoned darts (gained 5)
You see here a +0 short sword.
f - a viscous cyan potion You see here a +0 short sword.
Found 16 stones.
e - 7 poisoned darts (gained 1)
A kobold comes into view.
The kobold shouts!
You start waiting.
A kobold is nearby!
You scratch the kobold.
The kobold is moderately wounded.
The kobold barely misses you.
You scratch the kobold but do no damage.
The kobold is moderately wounded.
The kobold hits you but does no damage.
You scratch the kobold but do no damage.
The kobold is moderately wounded.
The kobold hits you but does no damage.
You miss the kobold. You closely miss the kobold.
The kobold hits you but does no damage.
You scratch the kobold but do no damage.
The kobold barely misses you.
You miss the kobold. The kobold misses you.
You closely miss the kobold. The kobold closely misses you.
You closely miss the kobold. The kobold hits you.
You miss the kobold. The kobold barely misses you.
You scratch the kobold.
You kill the kobold!
No target in view!
No target in view!
There is a sacrificial altar of Ru here.
HP restored.
There is a stone staircase leading up here.
You start waiting.
Done waiting.
You climb upwards.
The orc priest closely misses you.
There is a stone staircase leading down here.
The orc priest looks encouraged for a moment.
You climb downwards.
There is a stone staircase leading up here.
You scratch the orc priest but do no damage.
The orc priest barely misses you.
You scratch the orc priest but do no damage.
The orc priest barely misses you.
You closely miss the orc priest.
The orc priest invokes the aid of Beogh against you.
Beogh smites you!
You are too injured to fight recklessly!
You are too injured to fight recklessly!
You are too injured to fight recklessly!
You are too injured to fight recklessly!
You are too injured to fight recklessly!
You are too injured to fight recklessly!
You are too injured to fight recklessly!
You are too injured to fight recklessly!
You are too injured to fight recklessly!
You are too injured to fight recklessly!
You are too injured to fight recklessly!
You are too injured to fight recklessly!
You are too injured to fight recklessly!
You are too injured to fight recklessly!
You are too injured to fight recklessly!
You are too injured to fight recklessly!
You are too injured to fight recklessly!
You are too injured to fight recklessly!
You are too injured to fight recklessly!
You are too injured to fight recklessly!
You are too injured to fight recklessly!
You scratch the orc priest.
The orc priest is lightly wounded.
The orc priest closely misses you.
You scratch the orc priest.
The orc priest is moderately wounded.
The orc priest closely misses you.
You scratch the orc priest but do no damage.
The orc priest is moderately wounded.
The orc priest misses you.
You scratch the orc priest but do no damage.
The orc priest is moderately wounded.
The orc priest hits you.
You scratch the orc priest but do no damage.
The orc priest is moderately wounded.
You barely miss the orc priest.
The orc priest is moderately wounded.
The orc priest invokes the aid of Beogh against you.
Beogh smites you!
You die...

#.. ... ..#.
#####.####.####.#.
#...#.#......(#.#.
###...#.#.##.##.#.##
#.....#.#.#...#.#.#.
#..........._.......
#....##.#.#...#.#.#.
#....##.#.##.##.#.#.
#..@o'#.#..)....#.##
#..÷.##.####.####.#
####..#...........#
+..######.######
#......#'....#
#...........#....
#...........# ..
#....[......#
#...........#


You could see an orc priest.

Vanquished Creatures
  An adder (D:3)
  An orc (D:2)
  A bat (D:2)
  3 goblins
  2 hobgoblins
  6 kobolds
  A quokka (D:2)
  A ball python (D:2)
  4 rats
20 creatures vanquished.

Notes
Turn   | Place    | Note
-------+----------+-------------------------------------------
     0 | D:1      | EnegeticOcto the Ghoul Venom Mage began the quest for the
                  | Orb.
     0 | D:1      | Reached XP level 1. HP: 14/14 MP: 2/2
    95 | D:1      | Reached skill level 1 in Unarmed Combat
   135 | D:1      | Reached XP level 2. HP: 17/22 MP: 3/3
   275 | D:1      | You fall into a shaft and drop 1 floor!
   283 | D:2      | Reached skill level 1 in Fighting
   485 | D:2      | Reached skill level 2 in Unarmed Combat
   523 | D:3      | Reached XP level 3. HP: 15/28 MP: 4/4
   670 | D:3      | Found a sacrificial altar of Ru.
   686 | D:3      | Became a worshipper of Ru the Awakened
   883 | D:3      | Killed from afar by an orc priest

Illustrated notes

Levels and vault maps discovered:
D:1:      giann_bridges, layout_basic
D:2:      layout_basic, uniq_natasha
D:3:      minmay_inner_zag, layout_basic, fedhas_altar_fruit_tree,
          nicolae_ru_sacrificial_ziggurat, interstate_on_off, minmay_hedge_maze

Skill      XL: |  1  2 |
---------------+-------+-----
Unarmed Combat | 1 2 |  2.4
Fighting       | 1 |  1.5
Dodging        | |  1.7
Stealth        | |  2.1
Spellcasting   | |  1.7
Transmutations | |  0.8
Poison Magic   | |  3.0

Action                   || total
-------------------------++-------
Melee: Unarmed           ||   143
  Use: Scroll            ||     3
       Potion            ||     2
Armor: Scale mail        ||    56
Dodge: Dodged            ||    71
